 Dungeon Crawl Stone Soup version 0.31-a0-1072-g202bf7ea07 (webtiles) character file.

Game seed: 7052956976848849599

81555 Baz the Warrior (level 15, -31/129 HPs)
             Began as a Demonspawn Gladiator on Nov 26, 2023.
             Was a Priest of Uskayaw.
             Annihilated by a very large slime creature (35 damage)
             ... on level 14 of the Dungeon.
             The game lasted 01:04:33 (29974 turns).

Baz the Warrior (Demonspawn Gladiator)             Turns: 29974, Time: 01:04:33

Health: -31/129    AC: 37    Str: 20    XL:     15   Next: 27%
Magic:  25/25      EV: 12    Int: 10    God:    Uskayaw [***...]
Gold:   689        SH:  0    Dex: 22    Spells: 14/14 levels left

rFire   + . .        a - +1 quarterstaff
rCold   + . .        (shield currently unavailable)
rNeg    . . .        T - +4 plate armour {rC+}
rPois   .            c - +0 helmet
rElec   .            C - +2 cloak {Will+}
rCorr   .            k - +0 pair of gloves
SInv    .            f - +2 pair of boots
Will    ++...        (no amulet) Stlth
                     F - ring of protection from fire
HPRegen 0.41/turn    Q - +6 ring of dexterity
MPRegen 0.19/turn

%: no passive effects
@: mighty, sanguine armoured
A: claws 2, foul stench 3, powered by pain 1, sanguine armour 2
a: Renounce Religion, Stomp, Line Pass


You were on level 14 of the Dungeon.
You worshipped Uskayaw.
Uskayaw was pleased with you.
You visited 3 branches of the dungeon, and saw 21 of its levels.

You collected 2653 gold pieces.
You spent 1964 gold pieces at shops.

Inventory:

Hand Weapons
 a - a +1 quarterstaff (weapon)
Missiles
 d - 5 throwing nets (quivered)
 e - 13 javelins
Armour
 c - a +0 helmet (worn)
 f - a +2 pair of boots (worn)
 k - a +0 pair of gloves (worn)
 C - a +2 cloak of willpower (worn)
 I - +0 acid dragon scales
 T - a +4 plate armour of cold resistance (worn)
 V - a +3 chain mail of fire resistance
Jewellery
 l - a ring of ice
 p - a +6 ring of intelligence
 v - a ring of see invisible
 E - a ring of ice
 F - a ring of protection from fire (left hand)
 H - a ring of protection from fire
 L - a ring of resist corrosion
 N - the amulet of the Prince of Darkness {RegenMP +Inv rPois rCorr Slay-6}
   (You found it on level 1 of the Lair of Beasts)

   [amulet of magic regeneration]

   RegenMP:   It increases your rate of magic regeneration.
   Slay-6:    It affects your accuracy & damage with ranged weapons and melee
   (-6).
   rPois:     It protects you from poison +Inv: It lets you turn invisible.
   rCorr:     It protects you from acid and corrosion.
 Q - a +6 ring of dexterity (right hand)
Wands
 y - a wand of iceblast (4)
 D - a wand of charming (12)
 G - a wand of flame (25)
 M - a wand of quicksilver (11)
Scrolls
 b - a scroll of vulnerability
 g - 3 scrolls of enchant armour
 i - 5 scrolls of enchant weapon
 j - 2 scrolls of butterflies
 n - 5 scrolls of amnesia
 q - 6 scrolls of revelation
 t - 3 scrolls of immolation
 u - 2 scrolls of torment
 A - 8 scrolls of teleportation
 J - 2 scrolls of poison
 K - 3 scrolls of blinking
 P - a scroll of fear
 S - 2 scrolls of identify
Potions
 h - 2 potions of berserk rage
 m - 4 potions of ambrosia
 o - 4 potions of curing
 r - a potion of invisibility
 s - 2 potions of haste
 w - 2 potions of heal wounds
 x - 2 potions of magic
 z - 2 potions of attraction
 B - a potion of enlightenment
 O - 3 potions of resistance
 R - a potion of mutation
 U - a potion of might {unknown}


   Skills:
 * Level 15.5 Fighting
 - Level 13.0 Staves
 - Level 1.7 Throwing
 + Level 10.4 Armour
 + Level 10.4 Dodging
 + Level 13.5 Invocations


You had 14 spell levels left.
You didn't know any spells.
Your spell library contained the following spells:

 Spells                   Type           Power      Damage    Failure   Level
 Slow                     Hex            0%         N/A       99%         1
 Scorch                   Fire           0%         2d5       100%        2
 Static Discharge         Conj/Air       0%         3-3/arc   100%        2
 Sublimation of Blood     Necr           0%         N/A       100%        2
 Confusing Touch          Hex            0%         N/A       100%        3
 Ozocubu's Armour         Ice            0%         N/A       100%        3
 Sigil of Binding         Hex            0%         N/A       100%        3
 Vampiric Draining        Necr           0%         2d6       100%        3
 Airstrike                Air            0%         2d(0-16)  100%        4
 Cause Fear               Hex            0%         N/A       100%        4
 Flame Wave               Conj/Fire      0%         2d4       100%        4
 Petrify                  Tmut/Erth      0%         N/A       100%        4
 Summon Lightning Spire   Summ/Air       0%         N/A       100%        4
 Fireball                 Conj/Fire      0%         3d3       100%        5
 Irradiate                Conj/Tmut      0%         3d11      100%        5
 Summon Forest            Summ/Tloc      0%         N/A       100%        5
 Summon Mana Viper        Hex/Summ       0%         N/A       100%        5
 Summon Cactus Giant      Summ           0%         N/A       100%        6
 Ozocubu's Refrigeration  Ice            0%         4d7       100%        7
 Dragon's Call            Summ           0%         N/A       100%        9


Dungeon Overview and Level Annotations

Branches:
Dungeon (14/15) Zot: 25630  Temple (0/1) D:6            Lair (5/5) D:11 Zot: 20461
  Swamp (0/4) Lair:2        Snake (0/4) Lair:2        Slime (0/5) Lair:5
    Orc (2/2) D:12 Zot: 9048     Elf (0/3) Orc:2        Vaults (0/5) D:14

Altars:
Ashenzari
Cheibriados
Dithmenos
Fedhas
Gozag
Hepliaklqana
Nemelex Xobeh
Okawaru
Qazlal
Ru
Uskayaw
Wu Jian
Xom
Jiyva

Shops:
D:6 [   D:7 *   D:12 *   Orc:1 !   Orc:2 *[*[

Portals:
Trove: D:13 (give ring of Cethruxug)

Annotations:
D:12 3 runed translucent doors
D:14 Roxanne
Lair:5 exclusion: 2 oklob plants
Orc:2 1 runed translucent door, topfpfpflanze's ghost, journeyman FeCj


Innate Abilities, Weirdness & Mutations

You have very sharp fingernails.
You frequently emit foul miasma when damaged in melee.
You sometimes gain a little power by taking damage.
When seriously injured, your blood forms thick armour. (AC +9)


Message History

You sock the very large slime creature!
The very large slime creature is heavily wounded.
The very large slime creature is engulfed in dark miasma.
The very large slime creature hits you!!!
You focus on the pain.
You feel mightier all of a sudden.
Your blood congeals into armour.
You sock the slime creature!
The slime creature is lightly wounded.
Unknown command.
You sock the slime creature!
The slime creature is heavily wounded.
The very large slime creature looks more healthy.
The slime creature barely misses you.
The very large slime creature is engulfed in dark miasma.
The very large slime creature hits you!
Unknown command.
You thump the slime creature!
The slime creature is heavily wounded.
Unknown command.
You sock the slime creature!
The slime creature is almost dead.
The very large slime creature is engulfed in dark miasma.
The very large slime creature is poisoned.
The very large slime creature hits you but does no damage.
The slime creature hits you but does no damage.
Unknown command.
You bludgeon the slime creature!!
You kill the slime creature!
The very large slime creature is engulfed in dark miasma.
The very large slime creature looks even sicker.
The very large slime creature hits you!!!
* * * LOW HITPOINT WARNING * * *
Uskayaw will force your foes to helplessly watch your dance.
Uskayaw prepares the audience for your solo!
The very large slime creature is no longer paralysed.
The very large slime creature is engulfed in dark miasma.
The very large slime creature attacks as it pursues you!
The very large slime creature hits you!!
You die...

#..⌠..'..⌠..#..##.#.#
###
#.....'.....#.......#
#.....#.....#.#.....#
#.########'''##[#.....#
#...........))))#.....#
######.##...÷###.....#
#.......# #######
####.#### #@######
#.J.°..# #.####.# #.#
#.. #.# #.. ###


You could see a very large slime creature (very poisoned).

Vanquished Creatures
  Frances (D:12)
  Louise (D:14)
  An ettin (Orc:1)
  A fire dragon (Lair:5)
  Erolcha (D:9)
  3 vault guards (D:14)
  Erica (D:8)
  2 hydras (Lair:5)
  An ogre mage (D:14)
  A boulder beetle (D:14)
  4 centaur warriors (D:14)
  7 death yaks
  7 two-headed ogres
  An orc high priest (Orc:2)
  Urug (Lair:1)
  2 skysharks
  2 arcanists (D:14)
  A swamp dragon (Lair:2)
  2 necromancers (D:14)
  3 orc knights (Orc:2)
  Pikel (D:3)
  A lindwurm (Lair:5)
  2 orc sorcerers
  8 ugly things
  2 cyclopes
  Maurice (D:8)
  4 elephants
  6 black mambas
  2 gargoyles
  10 cane toads
  Maggie (D:8)
  Jeremiah (D:6)
  2 unseen horrors
  4 kobold demonologists
  7 komodo dragons
  A yaktaur (shapeshifter) (D:9)
  7 torpor snails (Lair:5)
  2 rime drakes
  A freezing wraith (D:14)
  An efreet (D:13)
  3 meliai (D:13)
  9 polar bears (Lair:5)
  3 blink frogs
  4 trolls
  4 tyrant leeches (Lair:5)
  11 hornets
  2 raiju (Lair:5)
  9 slime creatures
  3 shadows
  3 wyverns
  41 yaks
  4 wraiths
  18 humans (D:14)
  A golden eye (shapeshifter) (D:14)
  Menkaure (D:6)
  2 steam dragons
  3 vampire mosquitoes (D:12)
  15 wargs
  4 acid dragons
  2 nagas (Lair:2)
  15 water moccasins
  13 hell hounds (Lair:5)
  29 orc warriors
  A sky beast (D:3)
  12 black bears
  2 ice beasts
  34 wolves
  7 ogres
  11 centaurs
  2 lemures (D:3)
  2 phantoms (D:5)
  3 kobold brigands (D:9)
  4 bullfrogs
  2 scorpions
  A gnoll sergeant (D:9)
  9 wights
  24 killer bees
  5 howler monkeys
  19 orc priests
  4 hounds
  5 jellies
  8 iguanas
  24 orc wizards
  6 gnolls
  10 adders
  A white imp (D:7)
  4 ufetubi
  A worm (D:3)
  3 dart slugs
  52 orcs
  3 ball pythons
  3 bats
  15 endoplasms
  4 giant cockroaches
  6 goblins
  8 hobgoblins
  3 jackals (D:2)
  2 quokkas
  5 frilled lizards
  19 kobolds
  4 rats
  A butterfly (Lair:3)
635 creatures vanquished.

Vanquished Creatures (others)
  An orc (D:5)
1 creature vanquished.

Grand Total: 636 creatures vanquished

Notes
Turn   | Place    | Note
-------+----------+-------------------------------------------
     0 | D:1      | Baz the Demonspawn Gladiator began the quest for the Orb.
     0 | D:1      | Reached XP level 1. HP: 16/16 MP: 1/1
   314 | D:1      | Gained mutation: You may rarely emit foul miasma when
                  | damaged in melee. [demonic ancestry]
   314 | D:1      | Reached XP level 2. HP: 22/22 MP: 2/2
   999 | D:2      | Found a faded altar of an unknown god.
  1038 | D:2      | Gained mutation: You sometimes emit foul miasma when
                  | damaged in melee. [demonic ancestry]
  1038 | D:2      | Reached XP level 3. HP: 11/28 MP: 3/3
  1137 | D:2      | You fall into a shaft and drop 1 floor!
  1223 | D:3      | Reached skill level 1 in Armour
  1270 | D:2      | Gained mutation: When seriously injured, your blood forms
                  | armour. (AC +9) [demonic ancestry]
  1270 | D:2      | Reached XP level 4. HP: 24/34 MP: 4/4
  1358 | D:2      | Prayed at the altar of an unknown god.
  1358 | D:2      | Became a worshipper of Uskayaw the Reveller
  1358 | D:2      | Reached * piety under Uskayaw
  1455 | D:2      | Reached ** piety under Uskayaw
  1466 | D:2      | Reached *** piety under Uskayaw
  2068 | D:4      | Noticed a sky beast
  2068 | D:4      | Found a stormy altar of Qazlal.
  2078 | D:3      | Reached XP level 5. HP: 34/40 MP: 5/5
  2116 | D:3      | Killed a sky beast
  2117 | D:3      | Reached skill level 3 in Fighting
  2117 | D:3      | Reached skill level 1 in Invocations
  2328 | D:4      | Found a shimmering altar of Xom.
  2343 | D:4      | Noticed a lemure
  2367 | D:3      | Reached XP level 6. HP: 27/47 MP: 7/7
  2528 | D:4      | Noticed Pikel
  2637 | D:3      | Killed Pikel
  2638 | D:3      | Reached skill level 4 in Fighting
  2638 | D:3      | Reached skill level 5 in Staves
  2638 | D:3      | Gained mutation: You have sharp fingernails. [demonic
                  | ancestry]
  2638 | D:3      | Reached XP level 7. HP: 54/54 MP: 7/9
  2730 | D:4      | Found a broken altar of Ashenzari.
  2734 | D:4      | Saw a vision of the Swamp and the Snake Pit.
  2734 | D:4      | Noticed a naga sharpshooter
  2734 | D:4      | Noticed a will-o-the-wisp
  2734 | D:4      | Noticed a goliath frog
  2734 | D:4      | Noticed an eleionoma
  2735 | D:4      | Noticed a black mamba
  2740 | D:4      | Noticed an eleionoma
  2740 | D:4      | Noticed a will-o-the-wisp
  3126 | D:5      | Entered Level 5 of the Dungeon
  3334 | D:5      | Gained mutation: When seriously injured, your blood forms
                  | thick armour. (AC +9) [demonic ancestry]
  3334 | D:5      | Reached XP level 8. HP: 60/61 MP: 11/11
  3407 | D:5      | Reached **** piety under Uskayaw
  3411 | D:5      | Reached skill level 5 in Invocations
  3605 | D:5      | Reached skill level 5 in Fighting
  4020 | D:6      | Found a staircase to the Ecumenical Temple.
  4202 | D:6      | Found Zofy's Antique Armour Boutique.
  4208 | D:6      | Bought an embroidered cloak for 240 gold pieces
  4444 | D:6      | Noticed Jeremiah
  4507 | D:6      | Killed Jeremiah
  4508 | D:6      | Gained mutation: You frequently emit foul miasma when
                  | damaged in melee. [demonic ancestry]
  4508 | D:6      | Reached XP level 9. HP: 42/68 MP: 13/13
  4664 | D:6      | Noticed Menkaure
  4887 | D:6      | Killed Menkaure
  5353 | D:6      | Found a hazy altar of Hepliaklqana.
  5504 | D:7      | Reached skill level 5 in Armour
  5607 | D:6      | Reached skill level 6 in Fighting
  5925 | D:7      | Found Gozag's Platinum Reserve.
  5929 | D:7      | Found an opulent altar of Gozag.
  6587 | D:7      | Found a sacrificial altar of Ru.
  6962 | D:8      | Noticed Maggie
  6976 | D:8      | Killed Maggie
  6977 | D:8      | Reached XP level 10. HP: 46/77 MP: 15/15
  7103 | D:8      | Found a blossoming altar of Fedhas.
  7477 | D:8      | Reached skill level 7 in Fighting
  7699 | D:8      | Noticed Maurice
  7702 | D:8      | Maurice stole a ring of ice
  7710 | D:8      | Killed Maurice
  7853 | D:8      | Noticed Erica
  7928 | D:9      | Noticed Erolcha
  7944 | D:9      | Killed Erolcha
  8330 | D:9      | Found a shadowy altar of Dithmenos.
  8360 | D:9      | Noticed a two-headed ogre
  8397 | D:8      | Killed Erica
  8398 | D:8      | Reached skill level 10 in Staves
  8592 | D:8      | Found an ornate altar of the Wu Jian Council.
  9088 | D:9      | Reached XP level 11. HP: 40/86 MP: 18/18
  9252 | D:9      | Paralysed by a hornet for 3 turns
  9257 | D:9      | Reached skill level 8 in Fighting
  9535 | D:9      | Found a sparkling altar of Nemelex Xobeh.
  9647 | D:9      | Found a snail-covered altar of Cheibriados.
 10074 | D:10     | Entered Level 10 of the Dungeon
 10251 | D:10     | Identified the +1 mace "Boats" {flame, Dex+2}
 10656 | D:9      | Killed a two-headed ogre
 10657 | D:9      | Reached skill level 10 in Invocations
 11426 | D:11     | Noticed a cyan ugly thing
 11647 | D:11     | Found a staircase to the Lair.
 11657 | Lair:1   | Entered Level 1 of the Lair of Beasts
 12098 | Lair:1   | Noticed Urug
 12122 | Lair:1   | Killed Urug
 12348 | Lair:1   | Identified the amulet of the Prince of Darkness {RegenMP
                  | +Inv rPois rCorr Slay-6}
 12513 | Lair:1   | Reached skill level 5 in Dodging
 12934 | Lair:2   | Reached skill level 9 in Fighting
 12937 | Lair:2   | Reached ***** piety under Uskayaw
 13621 | Lair:2   | Gained mutation: You sometimes gain a little power by
                  | taking damage. [demonic ancestry]
 13621 | Lair:2   | Reached XP level 12. HP: 45/95 MP: 20/20
 13901 | Lair:2   | Found a staircase to the Snake Pit.
 14208 | Lair:2   | Found a staircase to the Swamp.
 14258 | Lair:2   | HP: 3/142 [swamp dragon (5)]
 15481 | Lair:3   | Noticed a death yak
 15481 | Lair:3   | Noticed a death yak
 15493 | Lair:3   | Noticed a death yak
 15495 | Lair:3   | Noticed a death yak
 15498 | Lair:3   | Noticed a death yak
 15499 | Lair:3   | Noticed a death yak
 15503 | Lair:3   | Killed a death yak
 15510 | Lair:3   | Killed a death yak
 15510 | Lair:3   | Killed a death yak
 15512 | Lair:3   | Killed a death yak
 15520 | Lair:3   | Killed a death yak
 15521 | Lair:3   | Reached skill level 10 in Fighting
 15530 | Lair:3   | Killed a death yak
 15539 | Lair:3   | Reached ****** piety under Uskayaw
 16720 | Lair:4   | You fall into a shaft and drop 1 floor!
 16720 | Lair:5   | Entered Level 5 of the Lair of Beasts
 16867 | Lair:5   | Gained mutation: You have very sharp fingernails. [demonic
                  | ancestry]
 16867 | Lair:5   | Reached XP level 13. HP: 14/105 MP: 19/22
 17392 | Lair:3   | Reached skill level 11 in Fighting
 18031 | Lair:5   | Found a staircase to the Slime Pits.
 18031 | Lair:5   | Found a viscous altar of Jiyva.
 18658 | Lair:5   | Found a runed translucent door.
 18658 | Lair:5   | Noticed a fire dragon
 19508 | Lair:5   | Reached skill level 12 in Fighting
 20860 | Lair:5   | Reached skill level 13 in Fighting
 20989 | Lair:5   | Paralysed by a hornet for 2 turns
 21279 | Lair:5   | Killed a fire dragon
 21455 | D:11     | Reached XP level 14. HP: 95/118 MP: 19/23
 21963 | D:11     | Found an iron altar of Okawaru.
 22875 | D:12     | Found a runed translucent gate.
 22875 | D:12     | Found a runed translucent gate.
 22875 | D:12     | Found a runed translucent gate.
 22928 | D:12     | Found a staircase to the Orcish Mines.
 23310 | D:12     | Noticed Frances
 23341 | D:12     | Killed Frances
 23342 | D:12     | Reached skill level 14 in Fighting
 23859 | D:12     | Found Merill's Assorted Antiques.
 24092 | Orc:1    | Entered Level 1 of the Orcish Mines
 24092 | Orc:1    | Found Uwnaf's Distillery.
 24553 | Orc:2    | Entered Level 2 of the Orcish Mines
 24597 | Orc:2    | Paralysed by an orc sorcerer for 4 turns
 25658 | Orc:2    | Found a staircase to the Elven Halls.
 25989 | Orc:2    | Noticed topfpfpflanze's ghost (journeyman FeCj)
 26341 | Orc:2    | Found a runed translucent door.
 26625 | Orc:2    | Found Aredak's Armour Shoppe.
 26625 | Orc:2    | Found Liytrirch's General Store.
 26627 | Orc:2    | Found Ziskess's Antique Armour Shop.
 26629 | Orc:2    | Found Xofy's Assorted Antiques.
 26636 | Orc:2    | Bought a scroll of identify for 22 gold pieces
 27099 | D:6      | Bought a dazzling plate armour for 896 gold pieces
 27099 | D:6      | Identified the +0 plate armour "Hauzokke" {-Tele +Inv rCorr
                  | Stlth+} (You bought it in a shop on level 6 of the Dungeon)
 27307 | Orc:2    | Bought a shiny plate armour for 806 gold pieces
 27668 | D:13     | Found a portal to a secret trove of treasure.
 28040 | D:13     | HP: 6/121 [meliai/divine providence (14)]
 28992 | D:14     | Identified the +8 tower shield "Wizo" {Rampage Int+3}
 28992 | D:14     | Noticed Louise
 29018 | D:14     | Killed Louise
 29019 | D:14     | Reached skill level 10 in Armour
 29019 | D:14     | Reached skill level 10 in Dodging
 29275 | D:14     | Reached skill level 15 in Fighting
 29415 | D:14     | Noticed Roxanne
 29450 | D:14     | Reached XP level 15. HP: 126/129 MP: 24/24
 29917 | D:14     | Found a gate to the Vaults.
 29972 | D:14     | HP: 4/129 [very large slime creature (40)]
 29974 | D:14     | Annihilated by a very large slime creature

Illustrated notes

Levels and vault maps discovered:
D:1:      dpeg_arrival_arbitrary_c, layout_basic
D:2:      layout_rooms, hellmonk_ecumenical_altar_arch_garden, basic_altar
D:3:      layout_rooms, minmay_misc_feat_x
D:4:      wander_river, layout_rooms, tso_oasis_becter,
          overflow_temple_1_default, nicolae_qazlal_beasts_of_the_sky,
          grunt_ashenzari_visionary [grunt_ashenzari_visionary_swamp,
          grunt_ashenzari_visionary_snake], kennysheep_nub,
          corexii_leaking_fountain, uniq_pikel
D:5:      layout_basic, amethyst_killhole
D:6:      layout_loops_ring, lemuel_coloured_pillars_altar,
          minmay_temple_entry_arrows, serial_shops, shop, uniq_jeremiah,
          uniq_menkaure
D:7:      layout_rooms, nicolae_ru_sacrificial_ziggurat,
          nicolae_gozag_zags_fifth_avenue, serial_corexii_hall,
          corexii_hall_statues_u, chequers_hall_statues_corner_a
D:8:      layout_loops_ring, old_standard_altar, nzn_wu_jian_council_hall,
          grunt_decor_fettered, uniq_erica, uniq_maurice, uniq_maggie
D:9:      cheibrodos_fzero, layout_loops_corners, cheibriados_altar_1,
          mainiacjoe_overflow_boulevard, nemelex_spade_bored_becter,
          elyvilon_altar_1, uniq_erolcha
D:10:     layout_cave_pools
D:11:     layout_big_octagon, lair_entry_dummy, minmay_holes, okawaru_trees_2
D:12:     layout_long_grid, erik_orc_3, serial_shops, nicolae_take_the_stairs,
          ploomutoo_gammafunk_ghost_potion_laboratory, uniq_frances
D:13:     layout_grid_maze, nicolae_trove_entry_crossroad
D:14:     layout_loops_cross, grunt_vaults_entry_tiered, palyth_stone_intersect,
          minmay_unpleasant_kobolds, uniq_agnes, uniq_roxanne, uniq_louise
Lair:1:   layout_roguey, serial_bayou_pond_d, infiniplex_staircase_pool_2,
          serial_bayou_shore_a, uniq_urug
Lair:2:   layout_loops_ring, mainiacjoe_swamp_entry_lozenge_pond,
          guppyfry_snake_entry_garden
Lair:3:   layout_gridlike, infiniplex_staircase_pool, grunt_megastairs_1,
          lemuel_fruit_tree, lemuel_fruit_fields
Lair:4:   layout_cave_shapes
Lair:5:   hangedman_lair_caniforms_friends, layout_gridlike, wormcave,
          nicolae_slime_entry_slimehenge, chequers_serial_rivers_room_b,
          dpeg_oklob_1
Orc:1:    layout_diamond_mine, serial_shops, nicolae_shop_tiny_waterfront
Orc:2:    st_orc_rangers, layout_caves, hellmonk_ghost_happy_afterlife,
          nicolae_orc_damp_corner, david_defended_altar_orc

Skill      XL: |  1  2  3  4  5  6  7  8  9 10 11 12 13 14 |
---------------+-------------------------------------------+-----
Staves         | 3 4 5 6 7 8 10 11 13 | 13.0
Dodging        | 3 5 7 8 10 | 10.4
Armour         | 1 2 3 4 5 6 7 8 10 | 10.4
Fighting       | 3 4 5 6 7 9 10 13 15 | 15.5
Invocations    | 2 3 4 6 7 9 11 12 13 | 13.5
Throwing       | |  1.7

Action                     |  1- 3 |  4- 6 |  7- 9 | 10-12 | 13-15 || total
---------------------------+-------+-------+-------+-------+-------++-------
  Melee: Quarterstaff      |    82 |   180 |   347 |   817 |  1640 ||  3066
 Invoke: Stomp             |       |       |     3 |    10 |    27 ||    40
         Line Pass         |       |       |     1 |     3 |     3 ||     7
         Grand Finale      |       |       |       |       |     1 ||     1
  Evoke: Wand              |       |       |     6 |    20 |     1 ||    27
    Use: Potion            |       |     2 |     2 |     6 |     3 ||    13
         Scroll            |       |       |     9 |    12 |     4 ||    25
   Stab: Paralysed         |       |     1 |    11 |    35 |    87 ||   134
         Confused          |       |       |     1 |       |     2 ||     3
 Armour: Leather armour    |    10 |       |       |       |       ||    10
         Ring mail         |    41 |   101 |   265 |   144 |       ||   551
         Skin              |       |       |       |    58 |       ||    58
         Acid dragon scale |       |       |       |   362 |   809 ||  1171
         Plate armour      |       |       |       |       |   323 ||   323
  Dodge: Dodged            |    44 |   114 |   263 |   503 |  1314 ||  2238

Table legend: (Time is in decaauts)
 A = Elapsed time spent in this place.
 B = Non-inter-level travel time spent in this place.
 C = Inter-level travel time spent in this place.
 D = Time resting spent in this place.
 E = Time spent auto-exploring this place.
 F = Levels seen in this place.
 G = Mean time per level.
                   A        B        C        D        E       F      G
               +--------+--------+--------+--------+--------+-----+--------+
         Total |  29404 |  28209 |   1195 |   9806 |  12110 |  21 | 1400.2 |
       Dungeon |  16914 |  16115 |    799 |   4907 |   7670 |  14 | 1208.1 |
          Lair |   9538 |   9325 |    213 |   3608 |   3720 |   5 | 1907.6 |
  Orcish Mines |   2951 |   2768 |    183 |   1291 |    719 |   2 | 1475.5 |
               +--------+--------+--------+--------+--------+-----+--------+

Top non-repeatable levels by time:
  Lair:5: 3388 daAuts
     D:9: 2348 daAuts
  Lair:2: 1905 daAuts
    D:12: 1891 daAuts
   Orc:2: 1758 daAuts
     D:6: 1656 daAuts
  Lair:3: 1496 daAuts
  Lair:1: 1410 daAuts
    D:14: 1368 daAuts
  Lair:4: 1338 daAuts
     D:8: 1328 daAuts
   Orc:1: 1193 daAuts
     D:7: 1108 daAuts
     D:5: 1032 daAuts
    D:10: 1018 daAuts
